 Dungeon Crawl Stone Soup version 0.22.1-6-g1668fe2c40 (webtiles) character file.

8 Gargoyl the Skirmisher (level 2, 24/26 HPs)
             Began as a Centaur Abyssal Knight on Jan 27, 2019.
             Was a Follower of Lugonu.
             Quit the game on level 1 of the Dungeon.
             The game lasted 00:00:59 (323 turns).

Gargoyl the Skirmisher (Centaur Abyssal Knight)      Turns: 323, Time: 00:01:00

Health: 24/26      AC:  4    Str: 14    XL:     2   Next: 0%
Magic:  3/3        EV:  9    Int: 14    God:    Lugonu [*.....]
Gold:   24         SH:  0    Dex:  8    Spells: 1/1 levels left

rFire    x . .     SeeInvis .   d - +5 mace of Lith {crush, rElec rF- Int+3}
rCold    . . .     Gourm    .   (no shield)
rNeg     . . .     Faith    .   b - +0 leather armour
rPois    .         Spirit   .   (no helmet)
rElec    +         Reflect  .   (no cloak)
rCorr    .         Harm     .   (no gloves)
MR       .....                  (no barding)
Stlth    ..........             (no amulet)
HPRegen  0.08/turn              (no ring)
MPRegen  0.08/turn              (no ring)

@: very quick
A: large, hooves 3, deformed body, speed 2, tough skin 3
a: Depart the Abyss, Renounce Religion


You were on level 1 of the Dungeon.
You worshipped Lugonu.
Lugonu was aware of your devotion.
You were not hungry.

You visited 1 branch of the dungeon, and saw 1 of its levels.
You visited the Abyss 1 time.

You collected 24 gold pieces.

Inventory:

Hand Weapons
 a - a +1 hand axe
 d - the +5 mace of Lith (weapon) {crush, rElec rF- Int+3}
   (You found it on level 2 of the Abyss)

   It inflicts extra damage upon your enemies.
   It affects your intelligence (+3).
   It makes you vulnerable to fire.
   It insulates you from electricity.
Armour
 b - a +0 leather armour (worn)
Wands
 e - a wand of flame (38)
Scrolls
 f - a scroll of teleportation {unknown}
 h - a scroll of remove curse
Potions
 g - 2 potions of agility {unknown}
Comestibles
 c - 3 rations


   Skills:
 + Level 3.3 Fighting
 + Level 1.8 Axes
 * Level 1.6 Armour
 * Level 0.6 Dodging
 * Level 2.0 Invocations


You had one spell level left.
You didn't know any spells.
Your spell library was empty.

Dungeon Overview and Level Annotations

Branches:
Dungeon (1/15)

Altars:


Innate Abilities, Weirdness & Mutations

You have hooves in place of feet.
Armour fits poorly on your strangely shaped body.
You cover ground very quickly.
You have extremely tough skin. (AC +3)


Message History

You kill the giant cockroach!
Lugonu accepts your kill.
You open the door.
There is an open door here.
Found a stone staircase leading down.
A kobold comes into view. It is wielding a club.
The kobold shouts!
You hit the kobold.
You kill the kobold!
Lugonu accepts your kill.
You can now depart the Abyss.
Found a ration.
You see here a club.
h - a scroll of remove curse
c - 3 rations (gained 1)
A giant cockroach comes into view.
You hit the giant cockroach.
You kill the giant cockroach!
Lugonu accepts your kill.
You have reached level 2!
Are you sure you want to abandon this character and quit the game? (Confirm

#.##......#.##### #.
#.....##.# # #
#........# # #.##. ####
## #.## # ##. ... .#
##.. . #.##.## ##...
....#######.#...####....
......†@...........+....
..#.#######.#...## #....
#........# #...
#.#.####.# ##.. #.#.##
#.# ##. # #..# #.# ##
##.# #.# # #.###.#### #
#.)......# ##


There were no monsters in sight!

Vanquished Creatures
  An ooze (D:1)
  2 giant cockroaches (D:1)
  A kobold (D:1)
4 creatures vanquished.

Notes
Turn   | Place    | Note
-------+----------+-------------------------------------------
     0 | Abyss:1  | Gargoyl the Centaur Abyssal Knight began the quest for the
                  | Orb.
     0 | Abyss:1  | Reached XP level 1. HP: 19/19 MP: 2/2
    42 | Abyss:1  | Noticed an iron imp
    77 | Abyss:2  | Noticed an ancient zyme
   109 | Abyss:2  | Noticed a quasit
   116 | Abyss:2  | Noticed an efreet
   116 | Abyss:2  | Noticed an ancient zyme
   127 | Abyss:2  | Got a shimmering mace
   128 | D:1      | Escaped the Abyss
   129 | D:1      | Identified the +5 mace of Lith {crush, rElec rF- Int+3}
                  | (You found it on level 2 of the Abyss)
   306 | D:1      | Reached * piety under Lugonu
   322 | D:1      | Reached XP level 2. HP: 24/26 MP: 3/3
   323 | D:1      | Quit the game

Action                   || total
-------------------------++-------
Melee: Mace              ||     6
       Kick              ||     1
Invok: Depart the Abyss  ||     1
  Use: Scroll            ||     4
Armor: Leather armour    ||     1
Dodge: Dodged            ||     3
